 Dungeon Crawl Stone Soup version 0.31.0-4-g52a2dc7128 (webtiles) character file.

Game seed: 15277024867513637961

68 Dirian the Covered (level 4, -2/40 HPs)
             Began as a Minotaur Fighter on Jan 22, 2024.
             Slain by a gnoll
             ... wielding a +0 whip
              (4 damage)
             ... on level 2 of the Dungeon.
             The game lasted 00:01:11 (1305 turns).

Dirian the Covered (Minotaur Fighter)               Turns: 1305, Time: 00:01:11

Health: -2/40      AC: 13    Str: 23    XL:     4   Next: 1%
Magic:  3/3        EV:  8    Int:  5    God:
Gold:   73         SH:  4    Dex:  9    Spells: 3/3 levels left

rFire   + . .        a - +0 war axe
rCold   . . .        c - +0 buckler
rNeg    . . .        m - +2 chain mail {rF+}
rPois   .            (helmet restricted)
rElec   .            (no cloak)
rCorr   .            (no gloves)
SInv    .            j - +1 pair of boots {rampage}
Will    .....        (no amulet) Stlth
                     (no ring)
HPRegen 0.26/turn    (no ring)
MPRegen 0.08/turn

%: rampage
@: mighty
A: horns 2, retaliatory headbutt
a: no special abilities


You were on level 2 of the Dungeon.
You visited 1 branch of the dungeon, and saw 2 of its levels.

You collected 73 gold pieces.

Inventory:

Hand Weapons
 a - a +0 war axe (weapon)
Armour
 c - a +0 buckler (worn)
 j - a +1 pair of boots of rampaging (worn)
 m - a +2 chain mail of fire resistance (worn)
Scrolls
 e - 2 scrolls of immolation {unknown}
 i - a scroll of teleportation {unknown}
 k - a scroll of poison {unknown}
Potions
 f - a potion of resistance {unknown}
 g - 2 potions of curing {unknown}
 h - a potion of berserk rage {unknown}
 l - 2 potions of enlightenment {unknown}


   Skills:
 + Level 4.2 Fighting
 + Level 3.6 Axes
 + Level 4.3 Armour
 + Level 4.0 Shields


You had 3 spell levels left.
You didn't know any spells.
Your spell library was empty.

Dungeon Overview and Level Annotations

Branches:
Dungeon (2/15) Zot: 10665

Altars:
Kikubaaqudgha


Innate Abilities, Weirdness & Mutations

You have a pair of horns on your head.
You reflexively headbutt those who attack you in melee.


Message History

You are too injured to fight recklessly!
You are too injured to fight recklessly!
You are too injured to fight recklessly!
You are too injured to fight recklessly!
You are too injured to fight recklessly!
You are too injured to fight recklessly!
You are too injured to fight recklessly!
You feel very mighty all of a sudden. You block the gnoll's attack.
The gnoll hits you with a +0 halberd!
You barely miss the gnoll. Your headbutt misses the gnoll.
The gnoll is severely wounded.
The gnoll barely misses you. x2; You furiously retaliate!
You headbutt the gnoll!
You kill the gnoll!
You rampage towards the gnoll!
You slash the gnoll! You headbutt the gnoll.
You kill the gnoll!
You hit the gnoll. You barely miss the gnoll.
The gnoll hits you but does no damage. The gnoll hits you with a +0 whip.
* * * LOW HITPOINT WARNING * * *
You barely miss the rat. You closely miss the gnoll. You slash the gnoll!
You block the rat's attack. You block the gnoll's attack.
The gnoll hits you but does no damage. The gnoll hits you with a +0 whip.
* * * LOW HITPOINT WARNING * * *
The gnoll closely misses you. The rat bites you but does no damage.
You closely miss the rat. You slash the gnoll!
You kill the gnoll!
You hit the gnoll. The rat barely misses you.
The gnoll hits you with a +0 whip.
* * * LOW HITPOINT WARNING * * *
You have reached level 4!
You feel stronger.
You barely miss the gnoll.
The gnoll is severely wounded.
You slash the rat!
You kill the rat!
The gnoll hits you but does no damage.
You closely miss the gnoll.
The gnoll is severely wounded.
The gnoll hits you with a +0 whip.
You die...

####.......'.........'..#........
........####.........###....#####
####...## ##.......## #.#.##
###.# ##.....## #)### #.# ##...##
#.. #.# ##'## #.. #.# #.# #..#
#.# #.# #..# #.# #@# ##.# #.#
#g))# #.# #...... ......#.#
###.......# #.#.##.... #.#.. .
.#. #.#.# ♣♣#


You could see a gnoll.

Vanquished Creatures
  3 gnolls (D:2)
  An adder (D:2)
  A ribbon worm (D:2)
  An orc (D:2)
  A ball python (D:1)
  2 endoplasms
  A giant cockroach (D:1)
  2 goblins
  A hobgoblin (D:1)
  5 kobolds
  2 quokkas (D:1)
  A bat (D:1)
  4 frilled lizards
  4 rats
29 creatures vanquished.

Notes
Turn   | Place    | Note
-------+----------+-------------------------------------------
     0 | D:1      | Dirian the Minotaur Fighter began the quest for the Orb.
     0 | D:1      | Reached XP level 1. HP: 19/19 MP: 0/0
   553 | D:1      | Reached XP level 2. HP: 26/27 MP: 1/1
   933 | D:2      | Reached XP level 3. HP: 30/33 MP: 2/2
   982 | D:2      | Found an ancient bone altar of Kikubaaqudgha.
  1303 | D:2      | HP: 1/33 [gnoll/+0 whip (4)]
  1304 | D:2      | Reached XP level 4. HP: 1/40 MP: 3/3
  1305 | D:2      | Slain by a gnoll

Illustrated notes

Levels and vault maps discovered:
D:1:      eino_arrival_cavern_a, layout_loops_cross
D:2:      layout_loops_corners, basic_altar,
          shapermc_ecumenical_altar_totnotflames

Skill      XL: |  1  2  3 |
---------------+----------+-----
Armour         | 4 |  4.3
Fighting       | 4 |  4.2
Axes           | 3 |  3.6
Shields        | 4 |  4.0

Action                     |  1- 3 |  4- 6 || total
---------------------------+-------+-------++-------
  Melee: War axe           |    72 |     2 ||    74
         Headbutt          |     3 |       ||     3
    Use: Potion            |     1 |       ||     1
 Armour: Scale mail        |    44 |       ||    44
         Chain mail        |    19 |     2 ||    21
  Dodge: Dodged            |    26 |       ||    26
  Block: Buckler           |    21 |       ||    21
